 Dungeon Crawl Stone Soup version 0.20-a0-967-g62cfa5d (webtiles) character file.

1708 Koga the Cleaver (level 9, -2/65 HPs)
             Began as a Formicid Fighter on Apr 7, 2017.
             Was a Believer of Okawaru.
             Slain by skk's ghost (4 damage)
             ... on level 7 of the Dungeon.
             The game lasted 00:13:46 (6495 turns).

Koga the Cleaver (Formicid Fighter)                 Turns: 6495, Time: 00:13:46

Health: -2/65      AC:  8    Str: 28    XL:     9   Next: 23%
Magic:  9/9        EV: 13    Int: 12    God:    Okawaru [**....]
Gold:   268        SH: 10    Dex: 15    Spells: 8/8 levels left

rFire    . . .     SeeInvis +   F - +1 whip "Conservator" {pain, *Noise +Blink rC++ Str+3} (curse)
rCold    + + +     Gourm    .   c - +0 shield
rNeg     . . .     Faith    +   b - +0 scale mail
rPois    .         Spirit   .   (helmet unavailable)
rElec    .         Reflect  .   (no cloak)
rCorr    .         Harm     .   p - +0 pair of gloves
MR       .....                  (no boots)
Stlth    +.........             m - amulet of faith
Regen    0.2/turn               q - ring of protection from cold
MPRegen  0.2/turn               (no ring)

@: brilliant, agile
A: permanent stasis, dig shafts and tunnels, four strong arms, antennae 3
a: Dig, Shaft Self, Heroism, Renounce Religion


You were on level 7 of the Dungeon.
You worshipped Okawaru.
Okawaru was pleased with you.
You were not hungry.

You visited 1 branch of the dungeon, and saw 7 of its levels.

You collected 268 gold pieces.

Inventory:

Hand Weapons
 a - a +1 war axe
 F - the cursed +1 whip "Conservator" (weapon) {pain, *Noise +Blink rC++ Str+3}
   (You found it on level 6 of the Dungeon)

   In the hands of one skilled in necromantic magic, it inflicts extra damage on
   living creatures.
   It affects your strength (+3).
   It greatly protects you from cold.
   It lets you blink.
   It may make noises in combat.
   It has a curse placed upon it.
Armour
 b - a +0 scale mail (worn)
 c - a +0 shield (worn)
 p - a +0 pair of gloves (worn)
Jewellery
 m - an amulet of faith (around neck)
 q - a ring of protection from cold (left hand)
Wands
 n - a wand of confusion (24/48)
 E - a wand of iceblast (8/15)
 H - a wand of random effects (23/48)
Scrolls
 d - 2 scrolls of amnesia
 e - a scroll of enchant weapon
 h - a scroll of noise {unknown}
 k - 3 scrolls of recharging {unknown}
 r - a scroll of immolation {unknown}
 s - 4 scrolls of identify {unknown}
 t - 4 scrolls of magic mapping {unknown}
 u - a scroll of enchant armour {unknown}
 w - a scroll of teleportation
 y - a scroll of fog
 z - a scroll of summoning {unknown}
 I - a scroll of remove curse
Potions
 i - a potion of ambrosia {unknown}
 j - 4 potions of curing
 o - a potion of flight {unknown}
 x - a potion of mutation {unknown}
 A - a potion of agility
 B - a potion of invisibility {unknown}
 C - a potion of magic {unknown}
Comestibles
 f - 4 bread rations
 g - 5 meat rations
 l - 10 fruits
 G - a royal jelly


   Skills:
 + Level 4.1 Fighting
 - Level 10.8(10.9) Axes
 + Level 2.0(7.2) Maces & Flails
 - Level 3.2 Armour
 - Level 3.6 Shields


You had 8 spell levels left.
You didn't know any spells.

Dungeon Overview and Level Annotations

Branches:
Dungeon (7/15)             Temple (0/1) D:6

Altars:
Ashenzari
Gozag
Okawaru
Ru
Sif Muna
Trog
Yredelemnul

Shops:
D:5 =

Annotations:
D:7 skk's ghost, novice GrFi


Innate Abilities, Weirdness & Mutations

You cannot be hasted, slowed, berserked, paralysed or teleported.
You can dig through walls and to a lower floor.
Your four strong arms can wield two-handed weapons with a shield.
You have a pair of large antennae on your head. (SInv)


Message History

Skk's ghost is moderately damaged.
You block the bullfrog's attack.
Your shield and scale mail prevent you from hitting skk's ghost.
Skk's ghost is moderately damaged.
Skk's ghost shouts, "Do you think the gods will protect you?"
Skk's ghost hits you.
* * * LOW HITPOINT WARNING * * *
Skk's ghost burns you.
* * * LOW HITPOINT WARNING * * *
The bullfrog hits you.
* * * LOW HITPOINT WARNING * * *
You closely miss skk's ghost.
Skk's ghost is moderately damaged.
The bullfrog hits you.
* * * LOW HITPOINT WARNING * * *
Skk's ghost hits you but does no damage.
You hit skk's ghost.
Skk's ghost is heavily damaged.
The bullfrog barely misses you. Skk's ghost hits you.
You die...

#.......#.#
#.#####.#.# #.#
#.#(# # #.#
#.#.# .# #.#
#.#.######.#####
## #.#
#>..............
.. #.#
#.#.####.#.#....
.## #.#
#........W......
.. #.#
#.#....F@#.#
#..#.# #.#
#.#.####.#
#....###### #.#
#.#.# #.#
#.#.#.......%
#.# #.#.####.#
#..........[.
#.# #.#......#
###.#)#######
#.# ########
#.#.#### #.#
#.#....# #.#
#.#....# #.#
#.#....#


You could see a bullfrog and skk's ghost.

Vanquished Creatures
  Eustachio (D:4)
  A sky beast (D:6)
  An ice beast (D:6)
  3 phantoms
  The ghost of Lifeless the Skirmisher, an amateur HuWn (D:3)
  An ogre (D:5)
  A centaur (D:5)
  2 scorpions
  A howler monkey (D:6)
  2 crimson imps
  3 centaur zombies (D:6)
  A bullfrog skeleton (D:5)
  A bullfrog zombie (D:5)
  An orc priest (D:5)
  4 orc wizards
  A centaur skeleton (D:4)
  2 iguanas (D:7)
  A worker ant (D:4)
  A hound zombie (D:6)
  11 gnolls
  8 adders
  An ooze (D:3)
  2 adder skeletons
  4 worms
  5 leopard geckos
  4 orcs
  A ball python (D:1)
  A bat (D:1)
  9 giant cockroaches
  4 goblins
  5 hobgoblins
  9 jackals
  2 quokkas
  2 frilled lizards
  A giant cockroach zombie (D:5)
  2 gnoll zombies (D:2)
  6 kobolds
  A quokka skeleton (D:7)
  6 rats
113 creatures vanquished.

Vanquished Creatures (others)
  A bat (D:3)
1 creature vanquished.

Grand Total: 114 creatures vanquished

Notes
Turn   | Place    | Note
-------+----------+-------------------------------------------
     0 | D:1      | Koga the Formicid Fighter began the quest for the Orb.
     0 | D:1      | Reached XP level 1. HP: 18/18 MP: 1/1
    71 | D:1      | Found a shattered altar of Ashenzari.
   164 | D:1      | Reached XP level 2. HP: 24/24 MP: 2/2
   704 | D:2      | Reached skill level 3 in Axes
   704 | D:2      | Reached XP level 3. HP: 26/29 MP: 3/3
  1185 | D:1      | Reached skill level 4 in Axes
  1185 | D:1      | Reached XP level 4. HP: 9/35 MP: 4/4
  1585 | D:2      | Reached XP level 5. HP: 13/41 MP: 5/5
  2038 | D:2      | Found a basalt altar of Yredelemnul.
  2065 | D:2      | Reached skill level 5 in Axes
  2369 | D:3      | Noticed Lifeless's ghost (amateur HuWn)
  2386 | D:3      | Killed Lifeless's ghost
  2386 | D:3      | Reached XP level 6. HP: 14/47 MP: 6/6
  2606 | D:3      | Found a sacrificial altar of Ru.
  2796 | D:3      | Reached skill level 6 in Axes
  3440 | D:4      | Noticed a phantom
  3453 | D:4      | Killed a phantom
  3453 | D:4      | Reached skill level 7 in Axes
  3453 | D:4      | Reached XP level 7. HP: 50/52 MP: 7/7
  3962 | D:4      | Found a deep blue altar of Sif Muna.
  3966 | D:4      | Found an iron altar of Okawaru.
  4023 | D:4      | Became a worshipper of Warmaster Okawaru
  4057 | D:4      | Noticed Eustachio
  4069 | D:4      | Reached skill level 8 in Axes
  4090 | D:4      | Killed Eustachio
  4090 | D:4      | Reached XP level 8. HP: 42/58 MP: 8/8
  4248 | D:5      | Entered Level 5 of the Dungeon
  4248 | D:5      | Found a bloodstained altar of Trog.
  4494 | D:5      | Reached skill level 9 in Axes
  4973 | D:5      | Reached * piety under Okawaru
  5021 | D:5      | Found Irathiag's Jewellery Shoppe.
  5046 | D:5      | Found an opulent altar of Gozag.
  5162 | D:6      | Reached skill level 10 in Axes
  5272 | D:6      | Reached XP level 9. HP: 53/64 MP: 9/9
  5334 | D:6      | Found a staircase to the Ecumenical Temple.
  5543 | D:6      | Got a dazzling whip
  5544 | D:6      | Identified the cursed +1 whip "Conservator" {pain, *Noise +Blink rC++ Str+3} (You found it on level 6 of the Dungeon)
  6037 | D:7      | Reached ** piety under Okawaru
  6037 | D:7      | Reached skill level 1 in Maces & Flails
  6102 | D:7      | Noticed skk's ghost (novice GrFi)
  6493 | D:7      | HP: 3/65 [bullfrog (1)]
  6495 | D:7      | Slain by skk's ghost

Vault maps used:
D:1:      dpeg_arrival_connections, ashenzari_altar_1
D:2:      lemuel_zombie_altar_yredelemnul
D:3:      overflow_temple_1_default
D:4:      minitemple, first_bread, uniq_eustachio
D:5:      bloody_trog, kennysheep_mini_moat, serial_shops, kennysheep_mini
D:6:      temple_hall

Skill      XL: |  1  2  3  4  5  6  7  8  9 |
---------------+----------------------------+-----
Axes           | 3 4 5 7 8 10 | 10.8
Maces & Flails | 2 |  2.0
Fighting       | 4 |  4.1
Armour         | |  3.2
Shields        | |  3.6

Action                   |  1- 3 |  4- 6 |  7- 9 || total
-------------------------+-------+-------+-------++-------
Melee: War axe           |    90 |   215 |   232 ||   537
       Whip              |       |       |    99 ||    99
 Abil: Dig               |       |     3 |     1 ||     4
  Use: Scroll            |     1 |       |     6 ||     7
       Potion            |       |     1 |     4 ||     5
  Eat: Chunk             |     1 |     3 |     8 ||    12
       Bread ration      |       |     1 |     1 ||     2
       Fruit             |       |       |     1 ||     1
Armor: Scale mail        |    31 |    76 |   103 ||   210
Dodge: Dodged            |    31 |    69 |    76 ||   176
Block: Shield            |    52 |   107 |   119 ||   278
